 Dungeon Crawl Stone Soup version 0.31.0-11-ge490571c62 (webtiles) character file.

Game seed: 3735188812685880161

115069 Ruich the Warrior (level 16, -5/192 HPs)
             Began as an Oni Earth Elementalist on Jan 26, 2024.
             Was a High Priest of Sif Muna.
             Killed from afar by a shock serpent (23 damage)
             ... with a bolt of electricity
             ... on level 1 of the Snake Pit on Jan 27, 2024.
             The game lasted 04:14:15 (53990 turns).

Ruich the Warrior (Oni Earth Elementalist)         Turns: 53990, Time: 04:14:16

Health: -5/192     AC:  8    Str: 16    XL:     16   Next: 67%
Magic:  24/24      EV: 15    Int: 20    God:    Sif Muna [*****.]
Gold:   1967       SH: 10    Dex: 11    Spells: 7/26 levels left

rFire   + . .        V - staff of conjuration {!a}
rCold   . . .        O - +0 kite shield
rNeg    . . .        B - +2 robe {rF+}
rPois   +            (helmet restricted)
rElec   .            J - +2 cloak
rCorr   .            (gloves unavailable)
SInv    .            (boots unavailable)
Will    +....        e - amulet of faith {!P}
Stlth   +++          P - ring of poison resistance
HPRegen 0.52/turn    E - +5 ring of evasion
MPRegen 0.19/turn

%: faith
@: no status effects
A: large, unfitting armour, horns 1, tough skin 1, double potion healing,
drunken brawling
a: Renounce Religion, Channel Magic, Forget Spell, Divine Exegesis


You were on level 1 of the Snake Pit.
You worshipped Sif Muna.
Sif Muna was extremely pleased with you.
You visited 5 branches of the dungeon, and saw 24 of its levels.

You collected 2201 gold pieces.
You spent 234 gold pieces at shops.


Innate Abilities, Weirdness & Mutations

You are too large for most types of armour.
You have a pair of small horns on your head.
You have tough skin. (AC +1)
You gain doubled healing and magic from potions.
Whenever you drink a healing potion, you attack all around you.


   Skills:
 - Level 19.8 Fighting
 - Level 1.1 Polearms
 - Level 4.9 Armour
 - Level 7.3 Dodging
 - Level 5.3 Stealth
 + Level 7.7 Shields
 - Level 5.9 Spellcasting
 - Level 9.8 Conjurations
 - Level 6.0 Translocations
 - Level 10.8 Earth Magic
 - Level 9.5 Alchemy
 - Level 8.4 Invocations


You had 7 spell levels left.
You knew the following spells:

 Your Spells              Type           Power      Damage    Failure   Level
a - Passwall              Erth           49%        N/A       1%          3
f - Fulminant Prism       Conj/Alch      30%        3d15      4%          4
p - Petrify               Alch/Erth      46%        N/A       3%          4
w - Stone Arrow           Conj/Erth      100%       3d13      1%          3
z - Sandblast             Erth           98%        2d20      1%          1
B - Blink                 Tloc           58%        N/A       3%          2
X - Mercury Vapours       Alch/Air       48%        N/A       5%          2

Your spell library contained the following spells:

 Spells                   Type           Power      Damage    Failure   Level
 Magic Dart               Conj           100%       1d8       1%          1
 Sting                    Conj/Alch      100%       1d9       1%          1
 Momentum Strike          Conj/Tloc      100%       3d10      1%          2
 Apportation              Tloc           58%        N/A       2%          1
 Lesser Beckoning         Tloc           58%        N/A       3%          2
 Brom's Barrelling Bould  Conj/Erth      63%        2d8       3%          4
 Gell's Gravitas          Tloc           29%        N/A       6%          3
 Teleport Other           Tloc           29%        N/A       6%          3
 Dazzling Flash           Conj/Hex       76%        N/A       10%         3
 Cigotuvi's Dreadful Rot  Necr/Alch/Air  36%        N/A       11%         2
 Alistair's Intoxication  Alch           28%        N/A       14%         5
 Manifold Assault         Tloc           29%        N/A       22%         4
 Necrotise                Necr           20%        1d5       26%         1
 Slow                     Hex            20%        N/A       26%         1
 Summon Small Mammal      Summ           20%        N/A       26%         1
 Call Imp                 Summ           10%        N/A       36%         2
 Bombard                  Conj/Erth      31%        9d6       50%         6
 Call Canine Familiar     Summ           5%         N/A       58%         3
 Confusing Touch          Hex            5%         N/A       58%         3
 Sigil of Binding         Hex            5%         N/A       58%         3
 Vampiric Draining        Necr           5%         2d6       58%         3
 Dispel Undead            Necr           5%         3d7       94%         4
 Martyr's Knell           Necr/Summ      5%         N/A       94%         4
 Summon Blazeheart Golem  Fire/Summ      5%         N/A       94%         4
 Sculpt Simulacrum        Ice/Alch       12%        N/A       99%         6
 Curse of Agony           Necr           5%         N/A       100%        5
 Death Channel            Necr           2%         N/A       100%        6
 Disjunction              Tloc           14%        N/A       100%        8

Inventory:

Hand Weapons
 H - a +2 demon trident of protection
Missiles
 x - 3 throwing nets {=f}
Armour
 B - a +2 robe of fire resistance (worn)
 J - a +2 cloak (worn)
 O - a +0 kite shield (worn)
Magical Staves
 V - a staff of conjuration (weapon) {!a}
Jewellery
 c - a ring of protection from cold
 e - an amulet of faith (around neck) {!P}
 r - an amulet of reflection
 v - an amulet of the acrobat
 E - a +5 ring of evasion (right hand)
 F - a ring of protection from fire
 I - a +6 ring of intelligence
 L - a ring of flight
 N - a ring of positive energy
 P - a ring of poison resistance (left hand)
 R - a ring of resist corrosion
 T - a +4 ring of protection
 W - a ring of willpower
Wands
 b - a wand of flame (8)
 j - a wand of mindburst (24)
 n - a wand of polymorph (20)
 w - a wand of paralysis (10)
 C - a wand of quicksilver (4)
 Q - a wand of iceblast (7)
 Z - a wand of digging (6)
Scrolls
 a - 2 scrolls of immolation
 f - a scroll of summoning
 h - a scroll of poison
 k - 10 scrolls of teleportation {@r2}
 o - 2 scrolls of enchant armour
 t - a scroll of torment
 u - 2 scrolls of vulnerability
 D - a scroll of brand weapon
 K - a scroll of enchant weapon
 U - 3 scrolls of blinking
 X - 2 scrolls of fog
 Y - a scroll of revelation
Potions
 d - 2 potions of berserk rage {!q}
 g - 2 potions of resistance
 i - 7 potions of curing {@q1}
 l - 6 potions of attraction
 m - 2 potions of ambrosia
 q - 2 potions of cancellation
 s - 2 potions of haste {@q3}
 y - a potion of enlightenment
 z - 2 potions of mutation
 A - 2 potions of lignification
 G - a potion of invisibility
 M - a potion of might
 S - 2 potions of magic

Dungeon Overview and Level Annotations

Branches:
Dungeon (15/15)            Temple (1/1) D:5            Lair (5/5) D:11
 Shoals (0/4) Lair:2        Snake (1/4) Lair:3        Slime (0/5) Lair:5
    Orc (2/2) D:9             Elf (0/3) Orc:2        Vaults (0/5) D:14
 Depths: D:15

Altars:
Ashenzari
Cheibriados
Dithmenos
Elyvilon
Fedhas
Gozag
Hepliaklqana
Kikubaaqudgha
Makhleb
Nemelex Xobeh
Okawaru
Qazlal
Ru
Sif Muna
Trog
Uskayaw
Vehumet
Wu Jian
Xom
Yredelemnul
Zin
The Shining One
Ignis

Shops:
D:6 !   D:8 *   Orc:1 [   Orc:2 (*[=

Annotations:
D:5 1 runed translucent door, Hsik's ghost, novice MfMo
D:6 exclusion: downstairs
D:9 !Orc Warlord
D:11 2 transporters, groovy9's ghost, journeyman DEHu
Lair:2 exclusions: downstairs and upstairs

.....####'▒▒...#.▒▒
.....# #..▒▒▒)▒▒▒
.....▒▒▒▒▒▒▒.....▒▒ ▒▒▒▒
(...▒▒.8.▒▒.▒▒▒▒▒.▒▒.8.▒▒
....▒.[...▒.......▒.....▒
....▒8.>..'"[.8...'..>.8▒
....▒.....▒.......▒.....▒
....▒▒.8.▒▒.▒▒▒▒▒.▒▒.8.▒▒
.....▒▒▒▒ ▒▒....@▒▒ ▒▒▒▒
###+## ▒▒▒S▒▒▒ ....
▒.▒...▒ ▒ ▒...▒ ▒.8.▒
▒...▒ ▒...▒


You could see a shock serpent.


Message History

The blast of energy engulfs the shock serpent!!
The shock serpent is moderately wounded.
The shock serpent's electric aura discharges, shocking you!
* * * LOW HITPOINT WARNING * * *
The naga mage gestures wildly while chanting.
The naga mage seems to speed up.
You hear an angry hiss.
Unknown command.
The shock serpent shoots out a bolt of lightning at you!
The bolt of electricity misses you.
Unknown command.
Unknown command.
The shock serpent bites you.
* * * LOW HITPOINT WARNING * * *
The shock serpent shocks you!
* * * LOW HITPOINT WARNING * * *
Unknown command.
Unknown command.
You feel less invigorated.
You feel less confused.
The shock serpent shoots out a bolt of lightning at you!
The bolt of electricity hits you!!
* * * LOW HITPOINT WARNING * * *
You block the shock serpent's attack.
Unknown command.
Unknown command.
Unknown command.
The shock serpent shoots out a bolt of lightning at you!
The bolt of electricity hits you!!
You die...

Skill      XL: |  1  2  3  4  5  6  7  8  9 10 11 12 13 14 15 16 |
---------------+-------------------------------------------------+-----
Conjurations   | 1 2 3 4 5 7 8 9 |  9.8
Earth Magic    | 3 4 5 6 7 9 10 | 10.8
Fighting       | 1 3 5 6 9 11 13 15 17 19 | 19.8
Spellcasting   | 3 4 5 |  5.9
Stealth        | 4 5 |  5.3
Alchemy        | 2 3 4 6 7 9 |  9.5
Invocations    | 6 8 |  8.4
Translocations | 1 2 4 6 |  6.0
Dodging        | 4 5 7 |  7.3
Polearms       | 1 |  1.1
Armour         | 2 4 |  4.9
Shields        | 7 |  7.7

Action                     |  1- 3 |  4- 6 |  7- 9 | 10-12 | 13-15 | 16-18 || total
---------------------------+-------+-------+-------+-------+-------+-------++-------
  Melee: Dagger            |       |       |    28 |   149 |    16 |       ||   193
         Headbutt          |       |       |     7 |    41 |    59 |     5 ||   112
         Punch             |       |       |       |     5 |       |       ||     5
         Demon trident     |       |       |       |       |   187 |    17 ||   204
         Staff             |       |       |       |       |     6 |       ||     6
  Throw: Dart              |       |       |     4 |       |       |       ||     4
         Boomerang         |       |       |       |       |     2 |       ||     2
   Cast: Sandblast         |    62 |    95 |    29 |       |    19 |   206 ||   411
         Stone Arrow       |       |       |   106 |   324 |   916 |    74 ||  1420
         Petrify           |       |       |     6 |    18 |    65 |    14 ||   103
         Blink             |       |       |       |     4 |    13 |    26 ||    43
         Fulminant Prism   |       |       |       |       |    33 |    52 ||    85
         Mercury Vapours   |       |       |       |       |       |     4 ||     4
 Invoke: Channel Magic     |       |       |     1 |    12 |     9 |     1 ||    23
  Evoke: Wand              |       |     1 |     6 |     5 |    10 |    14 ||    36
    Use: Potion            |       |     1 |     6 |     4 |     3 |     3 ||    17
         Scroll            |       |    15 |     4 |     8 |     9 |     7 ||    43
   Stab: Petrified         |       |       |     1 |    36 |    33 |     3 ||    73
         Paralysed         |       |       |       |     3 |       |       ||     3
         Sleeping          |       |       |       |     2 |       |       ||     2
         Petrifying        |       |       |       |     2 |     1 |       ||     3
 Armour: Robe              |     9 |    33 |    89 |    54 |   348 |   329 ||   862
         Troll leather arm |       |       |       |   225 |   492 |       ||   717
         Skin              |       |       |       |    16 |       |       ||    16
  Dodge: Dodged            |     6 |    21 |    48 |   216 |   866 |   197 ||  1354
  Block: Other             |       |    12 |    36 |    72 |    19 |       ||   139
         Reflection        |       |       |     3 |     2 |       |       ||     5
         Kite shield       |       |       |       |       |       |   136 ||   136

Levels and vault maps discovered:
D:1:      hellmonk_arrival_library, layout_basic
D:2:      layout_loops_corners
D:3:      layout_basic, mainiacjoe_overflow_paths
D:4:      layout_cave_pods, minmay_goblin_outpost, uniq_ijyb
D:5:      layout_cave_pods, chequers_temple_overflow_statue_of_worship,
          lightli_temple_of_fire, minmay_temple_entry_drinking_statues,
          hellmonk_ghost_happy_afterlife
D:6:      layout_rooms, serial_shops, shop
D:7:      layout_loops_corners, kennysheep_mini, minmay_misc_feat_diagonals
D:8:      layout_loops_ring, xom_confusion_cloud, biasface_ghost_orc_armoury,
          nicolae_inconvenience_store
D:9:      minmay_the_grid_3x3 [minmay_the_grid_embedded,
          minmay_the_grid_tri_star, minmay_the_grid_rooms,
          minmay_the_grid_gridbox, minmay_the_grid_slots,
          minmay_the_grid_minigrid_small_alt, minmay_the_grid_spikes,
          minmay_the_grid_mess, minmay_the_grid_prize_inner_circle],
          layout_loops_ring, minmay_misc_feat_ornament, uniq_erica, uniq_maggie,
          uniq_grum
D:10:     layout_gridville, nemelex_xobeh_ov_fountains_minmay, vehumet_crystals,
          hangedman_misty_isle, uniq_psyche
D:11:     layout_small_grid, lair_entry_dummy, gammafunk_ghost_hive,
          nzn_life_drinkers
D:12:     layout_gridville, uniq_kirke, uniq_nergalle
D:13:     minmay_s_stair_smasher, layout_basic
D:14:     minmay_dotted_concentric_squares, layout_long_grid,
          hellmonk_vaults_keyhole, minmay_crystal_water,
          yredelemnul_altar_generic
D:15:     grunt_enter_depths_hoard, layout_basic, minivault_14,
          grunt_dithmenos_smoke_and_mirrors, uniq_josephine
Temple:   ebering_untended_altars
Lair:1:   layout_long_grid, cheibrodos_lair_lostbears, serial_bayou_shore_b,
          uniq_amaemon, uniq_harold, uniq_urug
Lair:2:   layout_loops_ring, elwin_shoals_entry_rocks, grunt_megastairs_3
Lair:3:   layout_big_grid, dummy_snake_entry, serial_bayou_shore_a
Lair:4:   layout_small_grid
Lair:5:   due_jungle_book, layout_gridlike, slime_entry_1, grunt_megastairs_5,
          lemuel_fruit_tree
Snake:1:  layout_gridlike, ebering_ghost_gozag, st_stairs_2,
          hangedman_snake_wide_pillar_pass, grunt_megastairs_1
Orc:1:    layout_diamond_mine, serial_shops, shop, basic_altar, uniq_fannar,
          uniq_snorg
Orc:2:    grunt_orc_gardens, layout_caves, grunt_orc_garden, grunt_orc_garden,
          grunt_orc_garden, grunt_orc_garden, basic_altar, bh_open_orc_temple

Notes
Turn   | Place    | Note
-------+----------+-------------------------------------------
     0 | D:1      | Ruich the Oni Earth Elementalist began the quest for the
                  | Orb.
     0 | D:1      | Reached XP level 1. HP: 16/16 MP: 3/3
   223 | D:1      | Reached skill level 1 in Conjurations
   325 | D:1      | Reached XP level 2. HP: 26/26 MP: 3/5
   424 | D:1      | Reached skill level 3 in Earth Magic
   482 | D:1      | Reached skill level 1 in Fighting
  1318 | D:2      | Reached XP level 3. HP: 33/33 MP: 5/7
  2071 | D:3      | Reached skill level 3 in Spellcasting
  2361 | D:3      | Found a white marble altar of Elyvilon.
  2672 | D:3      | Reached XP level 4. HP: 42/42 MP: 5/8
  2756 | D:4      | Noticed Ijyb
  2769 | D:4      | Killed Ijyb
  2770 | D:4      | Reached skill level 2 in Conjurations
  3161 | D:4      | Learned a level 3 spell: Stone Arrow
  3359 | D:4      | Reached XP level 5. HP: 44/49 MP: 6/9
  3524 | D:4      | Reached skill level 3 in Conjurations
  3528 | D:4      | Learned a level 3 spell: Passwall
  3917 | D:5      | Entered Level 5 of the Dungeon
  3924 | D:4      | Reached skill level 4 in Earth Magic
  3928 | D:4      | Reached XP level 6. HP: 45/57 MP: 3/10
  4031 | D:5      | Reached skill level 2 in Fighting
  4058 | D:5      | Identified a potion of resistance
  4080 | D:4      | Reached skill level 4 in Conjurations
  4282 | D:5      | Found an ornate altar of the Wu Jian Council.
  4283 | D:5      | Found a blossoming altar of Fedhas.
  4283 | D:5      | Found a bloodstained altar of Trog.
  4284 | D:5      | Found a shadowy altar of Dithmenos.
  4452 | D:5      | Found a runed translucent door.
  4452 | D:5      | Noticed Hsik's ghost (novice MfMo)
  4470 | D:5      | Found a staircase to the Ecumenical Temple.
  4482 | D:5      | Reached skill level 3 in Fighting
  4487 | Temple   | Entered the Ecumenical Temple
  4585 | Temple   | Became a worshipper of Sif Muna the Loreminder
  4765 | D:5      | Reached XP level 7. HP: 67/67 MP: 7/11
  5311 | D:5      | Found a burning altar of Makhleb.
  5444 | D:6      | Reached skill level 4 in Fighting
  5620 | D:6      | Reached skill level 5 in Earth Magic
  5863 | D:6      | Reached skill level 5 in Conjurations
  5951 | D:6      | Found Omich's Distillery.
  6004 | D:6      | Reached skill level 5 in Fighting
  6004 | D:6      | Reached XP level 8. HP: 80/80 MP: 1/12
  6308 | D:6      | Reached skill level 2 in Stealth
  6501 | D:7      | Noticed a wyvern
  6716 | D:7      | Killed a wyvern
  6717 | D:7      | Reached skill level 6 in Fighting
  6717 | D:7      | Reached skill level 3 in Stealth
  6717 | D:7      | Reached skill level 1 in Alchemy
  6788 | D:7      | Learned a level 4 spell: Petrify
  7198 | D:7      | Reached skill level 2 in Alchemy
  8423 | D:7      | Reached skill level 4 in Stealth
  8527 | D:7      | Found an opulent altar of Gozag.
  8830 | D:8      | Noticed a wyvern
  9058 | D:8      | Reached XP level 9. HP: 92/92 MP: 11/13
  9232 | D:7      | Reached skill level 7 in Fighting
  9328 | D:8      | Reached skill level 3 in Alchemy
  9431 | D:8      | Found a shimmering altar of Xom.
  9438 | D:8      | Reached * piety under Sif Muna
  9439 | D:8      | Reached skill level 1 in Invocations
  9744 | D:8      | Reached skill level 2 in Invocations
  9832 | D:8      | Reached skill level 3 in Invocations
  9917 | D:8      | Found a runed translucent gate.
  9918 | D:8      | Found a runed translucent gate.
  9919 | D:8      | Found a runed translucent gate.
  9928 | D:8      | Noticed a hornet
  9933 | D:8      | Killed a hornet
  9934 | D:8      | Reached skill level 8 in Fighting
  9934 | D:8      | Reached skill level 4 in Invocations
 10219 | D:8      | Found Taism's Assorted Antiques.
 10499 | D:8      | Reached skill level 5 in Invocations
 10591 | D:8      | Bought a runed diamond ring for 90 gold pieces
 10591 | D:8      | Bought a potion of invisibility for 144 gold pieces
 10643 | D:8      | Noticed DeathSocks's ghost (novice DsGl)
 10646 | D:8      | Identified the +6 chain mail "Gargh" {rElec Str+2}
 10889 | D:9      | Learned a level 2 spell: Blink
 10895 | D:9      | Noticed a troll
 11011 | D:9      | Noticed a hornet
 11015 | D:9      | Killed a hornet
 11106 | D:9      | Noticed Grum
 11115 | D:9      | Reached skill level 1 in Translocations
 11153 | D:9      | Killed Grum
 11154 | D:9      | Reached skill level 6 in Invocations
 11432 | D:9      | Reached skill level 9 in Fighting
 11432 | D:9      | Reached XP level 10. HP: 104/107 MP: 4/14
 11805 | D:9      | Reached skill level 2 in Translocations
 11815 | D:9      | Reached skill level 7 in Invocations
 12229 | D:9      | Identified the +0 scale mail "Kasemeib" {rPois rF- Str+3
                  | Dex+3}
 12386 | D:9      | Noticed a kobold demonologist
 12398 | D:9      | Found a staircase to the Orcish Mines.
 12399 | D:9      | Noticed a sixfirhy
 12636 | D:9      | Noticed Erica
 12664 | D:8      | Ruich: ??erika
 12664 | D:8      | beem: erika ~ erica[1/3]: A wild-tempered octopode. She
                  | constricts and casts Venom Bolt, Invisibility, and Slow.
                  | She always has a random ring and wields a scimitar of
                  | flaming. Useful for hydrae!
 12727 | D:9      | Killed Erica
 12728 | D:9      | Reached skill level 10 in Fighting
 12728 | D:9      | Reached skill level 8 in Invocations
 12997 | D:9      | Noticed a kobold demonologist
 13111 | D:9      | Noticed a deep elf zephyrmancer
 13118 | D:9      | Killed a kobold demonologist
 13121 | D:9      | Killed a deep elf zephyrmancer
 13122 | D:9      | Reached skill level 4 in Spellcasting
 13127 | D:9      | Noticed Maggie
 13133 | D:9      | Killed Maggie
 13134 | D:9      | Reached skill level 11 in Fighting
 13134 | D:9      | Reached skill level 6 in Earth Magic
 13134 | D:9      | Reached skill level 4 in Alchemy
 13175 | D:9      | Noticed an orc sorcerer
 13212 | D:10     | Entered Level 10 of the Dungeon
 13268 | D:9      | Noticed an orange demon
 13268 | D:9      | Killed a kobold demonologist
 13392 | D:9      | Reached XP level 11. HP: 27/120 MP: 7/18
 13528 | D:10     | Noticed a two-headed ogre
 13640 | D:10     | Reached skill level 5 in Spellcasting
 13712 | D:10     | Found a radiant altar of Vehumet.
 13865 | D:10     | Killed a two-headed ogre
 14203 | D:10     | Reached skill level 5 in Alchemy
 14708 | D:10     | Reached skill level 12 in Fighting
 14991 | D:10     | Found a sparkling altar of Nemelex Xobeh.
 15000 | D:10     | Noticed Psyche
 15023 | D:10     | Reached skill level 7 in Earth Magic
 15027 | D:10     | Killed Psyche
 15308 | D:11     | Noticed a cyclops
 15656 | D:11     | Killed a cyclops
 16033 | D:11     | Found a transporter.
 16035 | D:11     | Found a transporter.
 16036 | D:11     | Noticed groovy9's ghost (journeyman DEHu)
 16060 | D:11     | Found a staircase to the Lair.
 16341 | Lair:1   | Entered Level 1 of the Lair of Beasts
 16341 | Lair:1   | Noticed Urug
 16346 | Lair:1   | Reached skill level 6 in Alchemy
 16349 | Lair:1   | Killed Urug
 17235 | Lair:1   | Reached skill level 13 in Fighting
 17311 | D:11     | Reached XP level 12. HP: 106/136 MP: 0/20
 17512 | D:11     | Reached skill level 8 in Earth Magic
 17847 | Lair:1   | Noticed a boulder beetle
 17994 | D:11     | Killed a boulder beetle
 18201 | Lair:1   | Reached skill level 7 in Alchemy
 18819 | Lair:1   | Noticed Harold
 18828 | Lair:1   | Noticed Amaemon
 18885 | Lair:1   | Reached skill level 14 in Fighting
 19413 | Lair:1   | Reached skill level 9 in Earth Magic
 19504 | Lair:2   | Noticed a skyshark
 19527 | Lair:2   | Killed a skyshark
 19528 | Lair:2   | Reached skill level 2 in Dodging
 19640 | Lair:2   | Found a staircase to the Shoals.
 19647 | Lair:2   | Reached skill level 5 in Stealth
 19884 | Lair:2   | Reached ** piety under Sif Muna
 20009 | Lair:2   | Reached skill level 3 in Dodging
 20404 | Lair:2   | Noticed a skyshark
 20431 | Lair:2   | Reached skill level 15 in Fighting
 20578 | Lair:2   | Killed a skyshark
 20579 | Lair:2   | Reached skill level 4 in Dodging
 20865 | Lair:2   | Reached XP level 13. HP: 117/150 MP: 5/21
 20882 | Lair:2   | Reached skill level 5 in Dodging
 21785 | Lair:2   | Reached skill level 1 in Polearms
 21989 | Lair:3   | Reached skill level 16 in Fighting
 23357 | Lair:3   | Reached *** piety under Sif Muna
 23401 | Lair:3   | Reached skill level 6 in Conjurations
 23789 | Lair:3   | Found a staircase to the Snake Pit.
 25134 | Lair:4   | Reached skill level 17 in Fighting
 25225 | Lair:4   | Reached skill level 10 in Earth Magic
 25407 | Lair:4   | You fall into a shaft and drop 1 floor!
 25407 | Lair:5   | Entered Level 5 of the Lair of Beasts
 25510 | Lair:5   | Reached skill level 7 in Conjurations
 25668 | Lair:5   | Reached XP level 14. HP: 135/166 MP: 9/22
 26024 | Lair:5   | Found a staircase to the Slime Pits.
 26060 | Lair:5   | Reached **** piety under Sif Muna
 27691 | Lair:4   | Reached skill level 8 in Conjurations
 28098 | Lair:4   | Reached skill level 18 in Fighting
 28664 | Lair:5   | Noticed a dire elephant
 28664 | Lair:5   | Noticed a dire elephant
 28664 | Lair:5   | Noticed a dire elephant
 28970 | Lair:5   | Reached skill level 3 in Translocations
 29019 | Lair:5   | Noticed a dire elephant
 29065 | Lair:4   | Killed a dire elephant
 29588 | Lair:5   | Noticed a dire elephant
 30118 | Lair:1   | Killed Harold
 30932 | Lair:1   | Killed Amaemon
 31033 | Lair:1   | Reached skill level 4 in Translocations
 32271 | D:9      | Reached skill level 1 in Armour
 32864 | D:9      | Reached skill level 19 in Fighting
 33120 | D:9      | Reached skill level 2 in Armour
 33536 | D:9      | Reached XP level 15. HP: 156/180 MP: 16/23
 33774 | D:9      | Reached skill level 6 in Dodging
 33805 | D:9      | Identified the +7 chain mail of Resonant Surprise {SInv}
 34016 | Orc:1    | Entered Level 1 of the Orcish Mines
 34084 | Orc:1    | Noticed Snorg
 34495 | D:9      | Killed Snorg
 34496 | D:9      | Reached skill level 5 in Translocations
 34622 | Orc:1    | Noticed Fannar
 34769 | D:9      | Killed Fannar
 35073 | Orc:1    | Found Eqali's Antique Armour Shoppe.
 35110 | D:9      | Reached skill level 3 in Armour
 35618 | Orc:2    | Entered Level 2 of the Orcish Mines
 36040 | Orc:2    | Noticed an orc warlord
 36479 | Orc:2    | Noticed an orc warlord
 36605 | Orc:1    | Paralysed by an orc sorcerer for 4 turns
 37694 | Orc:2    | Killed an orc warlord
 38162 | Orc:2    | Found a staircase to the Elven Halls.
 38338 | Orc:2    | Reached ***** piety under Sif Muna
 38474 | Orc:2    | Found Heupruoc's Antique Weapon Boutique.
 38508 | Orc:2    | Found a shimmering altar of Xom.
 38533 | Orc:2    | Found Niug's General Store.
 38578 | Orc:2    | Found Refral's Antique Armour Boutique.
 38719 | Orc:1    | Reached skill level 4 in Armour
 39255 | Orc:2    | Found Fuhojaol's Jewellery Shop.
 39491 | Orc:2    | Reached skill level 6 in Translocations
 39939 | Orc:1    | Reached skill level 7 in Dodging
 40424 | D:12     | Noticed Kirke
 40430 | D:11     | Received a gift from Sif Muna
 40513 | D:11     | Got Sif Muna's Notes on the Singularity and Momentum {god
                  | gift}
 40726 | D:11     | Killed Kirke
 41519 | D:12     | Noticed Nergalle
 41534 | D:12     | Killed Nergalle
 41740 | D:12     | Learned a level 4 spell: Fulminant Prism
 42201 | D:12     | Reached skill level 8 in Alchemy
 42660 | D:13     | Upgraded the game from 0.31.0-10-gcf4a605ca0 to
                  | 0.31.0-11-ge490571c62
 44429 | D:13     | Reached skill level 9 in Conjurations
 45053 | D:13     | Got the Folio of Indecent Exposure
 45106 | D:13     | Reached skill level 9 in Alchemy
 45222 | D:13     | Reached XP level 16. HP: 192/192 MP: 12/24
 45651 | D:8      | Killed DeathSocks's ghost
 45800 | D:8      | Identified the -1 hat of Pull {Fly rF- Dex+5 Stlth+}
 47026 | D:14     | Reached skill level 1 in Shields
 47074 | D:13     | Ruich: ??engluf
 47074 | D:13     | beem: engluf ~ engulf[1/2]: Status that deals damage,
                  | prevents using spells and scrolls, and can be 100% reliably
                  | escaped by moving. Has no effect on {unbreathing}
                  | creatures.
 47086 | D:13     | HP: 15/192 [quicksilver ooze (9)]
 47763 | D:14     | Reached skill level 2 in Shields
 48225 | D:14     | Reached skill level 3 in Shields
 48949 | D:12     | Learned a level 2 spell: Mercury Vapours
 49190 | D:14     | Found a gate to the Vaults.
 49217 | D:14     | Found a basalt altar of Yredelemnul.
 49267 | D:13     | Reached skill level 4 in Shields
 50254 | D:13     | Reached skill level 5 in Shields
 50712 | D:15     | Entered Level 15 of the Dungeon
 51318 | D:15     | Reached skill level 6 in Shields
 51848 | D:15     | Found a shadowy altar of Dithmenos.
 52396 | D:15     | Noticed Josephine
 52454 | D:15     | Killed Josephine
 52850 | Snake:1  | Entered Level 1 of the Snake Pit
 53351 | Lair:3   | Reached skill level 7 in Shields
 53989 | Snake:1  | HP: 18/192 [shock serpent/bolt of electricity (23)]
 53990 | Snake:1  | Killed from afar by a shock serpent

Vanquished Creatures
  Kirke (D:11)
  An orc warlord (Orc:2)
  An ironbound thunderhulk (D:14)
  A broodmother (D:13)
  A quicksilver ooze (D:13)
  A dire elephant (Lair:4)
  Snorg (D:9)
  An ettin (Orc:2)
  Josephine (D:15)
  Fannar (D:9)
  Harold (Lair:1)
  6 centaur warriors
  7 hydras
  2 anacondas (Snake:1)
  Erica (D:9)
  4 boulder beetles
  7 two-headed ogres
  2 tengu warriors
  6 death yaks
  The ghost of DeathSocks the Party-goer, a novice DsGl of Uskayaw (D:8)
  A shock serpent (Snake:1)
  Urug (Lair:1)
  4 orc high priests
  Nergalle (D:12)
  An occultist (D:14)
  Amaemon (Lair:1)
  5 skysharks
  A fire crab (D:14)
  A spectral death yak (Lair:5)
  A mana viper (Snake:1)
  A naga ritualist (Lair:3)
  4 deep elf pyromancers
  2 orc knights
  A deep elf zephyrmancer (D:9)
  2 manticores
  4 orc sorcerers
  13 ugly things
  12 cyclopes
  3 kobold blastminers
  9 black mambas
  2 naga magi
  An orange demon (Lair:1)
  14 elephants
  A torpor snail (Lair:3)
  2 gargoyles
  4 unseen horrors
  13 cane toads
  Maggie (D:9)
  4 rime drakes
  A freezing wraith (D:14)
  8 komodo dragons
  A yaktaur (D:13)
  Psyche (D:10)
  3 kobold demonologists
  2 tengu conjurers
  2 efreet (D:14)
  6 polar bears
  10 trolls
  A wolf spider simulacrum (D:15)
  3 hornets
  28 blink frogs
  11 slime creatures
  17 dream sheep
  A jumping spider (shapeshifter) (D:14)
  3 shadows
  A water elemental (D:14)
  4 wyverns
  A centaur simulacrum (D:14)
  4 vampires
  6 hogs
  6 wraiths
  A basilisk (shapeshifter) (D:13)
  56 yaks
  Grum (D:9)
  A basilisk (Lair:4)
  4 steam dragons
  4 wargs
  6 vampire mosquitoes
  4 acid dragons
  14 water moccasins
  5 nagas (Snake:1)
  34 orc warriors
  A black bear (D:7)
  2 ice beasts
  2 laughing skulls (D:14)
  4 sky beasts
  8 wolves
  2 boggarts (D:14)
  8 centaurs
  7 ogres
  3 kobold brigands
  A phantom (D:6)
  13 bullfrogs
  A scorpion (D:6)
  6 wights
  8 killer bees (D:9)
  An electric eel (D:15)
  4 howler monkeys
  3 hounds
  2 jellies
  A bombardier beetle (D:4)
  2 gnoll boudas
  14 orc priests
  4 iguanas
  2 sleepcaps
  Ijyb (D:4)
  7 hell rats
  10 orc wizards
  11 gnolls
  4 adders
  4 white imps
  2 ufetubi (D:6)
  2 dart slugs
  2 ribbon worms
  47 orcs
  7 endoplasms
  3 giant cockroaches
  7 hobgoblins
  4 jackals (D:5)
  6 kobolds
  5 quokkas
  9 ball pythons
  2 bats
  A frilled lizard (D:1)
  12 goblins
  4 rats
  A fulminant prism (Snake:1)
657 creatures vanquished.

Vanquished Creatures (others)
  2 yaks
  A human (D:12)
  A warg (Orc:2)
  An orc warrior (D:8)
  A wight (D:8)
  A howler monkey (D:8)
  83 fulminant prisms
90 creatures vanquished.

Grand Total: 747 creatures vanquished

Table legend: (Time is in decaauts)
 A = Elapsed time spent in this place.
 B = Non-inter-level travel time spent in this place.
 C = Inter-level travel time spent in this place.
 D = Time resting spent in this place.
 E = Time spent auto-exploring this place.
 F = Levels seen in this place.
 G = Mean time per level.
                   A        B        C        D        E       F      G
               +--------+--------+--------+--------+--------+-----+--------+
         Total |  54459 |  52253 |   2206 |  28744 |   9384 |  24 | 2269.1 |
       Dungeon |  33515 |  32188 |   1327 |  17191 |   6110 |  15 | 2234.3 |
        Temple |    109 |     93 |     16 |     49 |      0 |   1 |  109.0 |
          Lair |  15267 |  14554 |    713 |   8092 |   3059 |   5 | 3053.4 |
     Snake Pit |    536 |    536 |      0 |    269 |      0 |   1 |  536.0 |
  Orcish Mines |   5029 |   4881 |    148 |   3143 |    215 |   2 | 2514.5 |
               +--------+--------+--------+--------+--------+-----+--------+

Top non-repeatable levels by time:
     D:9: 6433 daAuts
    D:13: 5830 daAuts
  Lair:1: 4454 daAuts
  Lair:2: 3502 daAuts
   Orc:1: 3113 daAuts
  Lair:5: 3066 daAuts
    D:11: 2756 daAuts
    D:14: 2718 daAuts
     D:7: 2650 daAuts
     D:8: 2196 daAuts
  Lair:4: 2178 daAuts
    D:12: 2091 daAuts
  Lair:3: 2067 daAuts
   Orc:2: 1915 daAuts
    D:10: 1628 daAuts

Table legend:
 A = Non-vault XP
 B = Vault XP
 C = Vault XP percentage of total XP
 D = Non-vault monster count
 E = Vault monster count
 F = Vault count percentage of total count
                 A         B        C        D         E       F
            +---------+---------+-------+---------+---------+-------
      Total |  105271 |   59114 |  36.0 |     504 |     154 |  23.4
            +---------+---------+-------+---------+---------+-------
        D:1 |      27 |       0 |   0.0 |      16 |       0 |   0.0
        D:2 |      26 |       0 |   0.0 |      14 |       0 |   0.0
        D:3 |      30 |       0 |   0.0 |      17 |       0 |   0.0
        D:4 |     233 |      45 |  16.2 |      19 |       6 |  24.0
        D:5 |     445 |       0 |   0.0 |      19 |       0 |   0.0
        D:6 |     602 |       0 |   0.0 |      15 |       0 |   0.0
        D:7 |    1059 |     153 |  12.6 |      13 |       1 |   7.1
        D:8 |    1068 |    1220 |  53.3 |      19 |      10 |  34.5
        D:9 |    4470 |   13952 |  75.7 |      35 |      38 |  52.1
       D:10 |    3421 |    1198 |  25.9 |      15 |       7 |  31.8
       D:11 |    4584 |    2250 |  32.9 |      16 |       5 |  23.8
       D:12 |    6313 |    1388 |  18.0 |      20 |       4 |  16.7
       D:13 |   12758 |   10595 |  45.4 |      31 |      20 |  39.2
       D:14 |    7281 |    6033 |  45.3 |      18 |      13 |  41.9
       D:15 |    2008 |     905 |  31.1 |       5 |       1 |  16.7
     Lair:1 |    7852 |    4059 |  34.1 |      32 |       8 |  20.0
     Lair:2 |   16184 |    1062 |   6.2 |      63 |       4 |   6.0
     Lair:3 |    8109 |       0 |   0.0 |      25 |       0 |   0.0
     Lair:4 |    4491 |    5063 |  53.0 |      12 |       6 |  33.3
     Lair:5 |   10653 |    2357 |  18.1 |      29 |       4 |  12.1
    Snake:1 |    5720 |     468 |   7.6 |      13 |       1 |   7.1
      Orc:1 |    4252 |    2272 |  34.8 |      34 |       5 |  12.8
      Orc:2 |    3685 |    6094 |  62.3 |      24 |      21 |  46.7
            +---------+---------+-------+---------+---------+-------
